 Dungeon Crawl Stone Soup version 0.31-a0-18-gea43df2 (webtiles) character file.

Game seed: 17956935997720314369

135 Nithhogg the Trooper (level 5, -1/47 HPs)
             Began as a Hill Orc Fighter on May 8, 2023.
             Slain by an orc priest
             ... wielding a +3 whip
              (7 damage)
             ... on level 4 of the Dungeon.
             The game lasted 00:04:19 (2521 turns).

Nithhogg the Trooper (Hill Orc Fighter)             Turns: 2521, Time: 00:04:20

Health: -1/47      AC:  7    Str: 21    XL:     5   Next: 18%
Magic:  7/7        EV:  9    Int:  8    God:
Gold:   152        SH:  0    Dex: 10    Spells: 4/4 levels left

rFire   . . .        a - +0 war axe
rCold   . . .        (no shield)
rNeg    . . .        b - +0 scale mail
rPois   .            (no helmet)
rElec   .            (no cloak)
rCorr   .            (no gloves)
SInv    .            (no boots)
Will    .....        (no amulet) Stlth
                     (no ring)
HPRegen 0.27/turn    (no ring)
MPRegen 0.10/turn

%: no passive effects
@: mighty, lethally poisoned (-1 -> -8)
A: no striking features
a: Convert to Beogh


You were on level 4 of the Dungeon.
You visited 1 branch of the dungeon, and saw 4 of its levels.

You collected 152 gold pieces.

Inventory:

Hand Weapons
 a - a +0 war axe (weapon)
Armour
 b - a +0 scale mail (worn)
 c - a +0 buckler
Jewellery
 h - a +5 ring of evasion
Wands
 k - a wand of digging (5)
 n - a wand of flame (15)
Scrolls
 e - 9 scrolls of identify
 i - a scroll of enchant armour
 j - a scroll of vulnerability {unknown}
 l - 2 scrolls of teleportation {unknown}
 p - a scroll of noise {unknown}
Potions
 d - a potion of might
 f - a potion of curing
 g - 2 potions of berserk rage {unknown}
 m - 2 potions of magic {unknown}
 o - a potion of lignification {unknown}


   Skills:
 + Level 4.6 Fighting
 + Level 4.1 Axes
 + Level 4.2 Armour
 - Level 3.2 Shields
 + Level 2.9 Invocations


You had 4 spell levels left.
You didn't know any spells.
Your spell library contained the following spells:

 Spells                   Type           Power      Damage    Failure   Level
 Lesser Beckoning         Tloc           0%         N/A       86%         2
 Gell's Gravitas          Tloc           0%         N/A       98%         3
 Teleport Other           Tloc           0%         N/A       98%         3


Dungeon Overview and Level Annotations

Branches:
Dungeon (4/15)
 Temple: D:4-7

Altars:
Trog

Shops:
D:4 !

Annotations:
D:4 Sigmund


Message History

The orc priest shouts!
There is a stone staircase leading down here.
Sigmund, an orc wizard and an orc come into view.
Sigmund is wielding a +3 scythe of venom.
Found a stone staircase leading down.
The orc shouts!
You hear a shout!
An orc comes into view. It is wielding a +0 hand axe.
The orc shouts!
You hear an angry hiss.
An orc priest comes into view. It is wielding a +0 club.
You barely miss the orc. The orc attacks as you move away!
The orc hits you with a +0 mace.
Sigmund casts a spell.
Sigmund flickers and vanishes!
Deactivating autopickup; reactivate with Ctrl-A.
The orc priest miscasts a cantrip.
The orc attacks as you move away! The orc hits you but does no damage.
There is a stone staircase leading down here.
You feel very mighty all of a sudden. The orc hits you with a +0 mace.
You barely miss the orc. You punch the orc!
You kill the orc!
Something hits you! The orc priest barely misses you.
The orc priest shouts, "Join the one true god or die!"
You slash the orc priest!
The orc priest is almost dead.
The orc priest casts a cantrip, but nothing happens.
The orc priest calls upon Beogh to heal the orc priest.
You barely miss the orc priest.
The orc priest shouts, "Join the one true god or die!"
The orc priest is almost dead.
Something hits you!
The orc priest mumbles some strange prayers to Beogh against you.
Beogh smites you!
* * * LOW HITPOINT WARNING * * *
You are too injured to fight recklessly!
It was a potion of curing.
You feel better. Something hits you!
* * * LOW HITPOINT WARNING * * *
You are lethally poisoned!
The orc priest hits you with a +3 whip!
You die...

#......>..#
###...#.....
.....?.....
.o...... .....
#oo###.#.# #
#.o.....# #.
#o####### #.#
##@#
####.###.##
#.......#####
#.###...###.##
##.......#
#....####.##
#....#. ##.#
.....#.###.∩###
#... ..#......#


You could see 2 orc priests, an orc wizard and an orc.

Vanquished Creatures
  A howler monkey (D:3)
  3 adders
  3 dart slugs
  2 orcs
  4 bats
  11 endoplasms
  A giant cockroach (D:2)
  2 hobgoblins
  3 jackals (D:1)
  2 quokkas
  5 ball pythons
  4 frilled lizards
  5 goblins
  6 kobolds
  8 rats
60 creatures vanquished.

Notes
Turn   | Place    | Note
-------+----------+-------------------------------------------
     0 | D:1      | Nithhogg the Hill Orc Fighter began the quest for the Orb.
     0 | D:1      | Reached XP level 1. HP: 19/19 MP: 1/1
    92 | D:1      | Reached XP level 2. HP: 21/27 MP: 2/2
    93 | D:1      | Reached skill level 1 in Invocations
   492 | D:1      | Reached XP level 3. HP: 33/33 MP: 4/4
  1195 | D:2      | Reached XP level 4. HP: 40/40 MP: 5/5
  2130 | D:3      | Reached XP level 5. HP: 47/47 MP: 7/7
  2189 | D:3      | Found a bloodstained altar of Trog.
  2472 | D:4      | Found Ytusemeh's Distillery.
  2512 | D:4      | Noticed Sigmund
  2521 | D:4      | Slain by an orc priest

Illustrated notes

Levels and vault maps discovered:
D:1:      heliophobic_arrival_dark_side_of_the_moon, layout_basic
D:2:      layout_rooms
D:3:      layout_loops_corners, mainiacjoe_overflow_cross_hatched,
          serial_forest, infiniplex_forest_clump_medium,
          infiniplex_forest_lined_corner, infiniplex_forest_lined_room_2,
          infiniplex_forest_lined_corner, infiniplex_forest_lined_room_2,
          infiniplex_forest_zigzag_2, infiniplex_forest_lined_2,
          infiniplex_forest_clump_C
D:4:      layout_loops_cross, serial_shops, shop, st_stairs_8, uniq_eustachio,
          uniq_sigmund

Skill      XL: |  1  2  3  4 |
---------------+-------------+-----
Axes           | 3 4 |  4.1
Invocations    | 1 2 |  2.9
Fighting       | 4 |  4.6
Armour         | 4 |  4.2
Shields        | |  3.2

Action                     |  1- 3 |  4- 6 || total
---------------------------+-------+-------++-------
  Melee: War axe           |   111 |    59 ||   170
         Punch             |     1 |     1 ||     2
    Use: Scroll            |     2 |       ||     2
         Potion            |       |     2 ||     2
 Armour: Scale mail        |    65 |    25 ||    90
  Dodge: Dodged            |    78 |    27 ||   105

Table legend: (Time is in decaauts)
 A = Elapsed time spent in this place.
 B = Non-inter-level travel time spent in this place.
 C = Inter-level travel time spent in this place.
 D = Time resting spent in this place.
 E = Time spent auto-exploring this place.
 F = Levels seen in this place.
 G = Mean time per level.
                   A        B        C        D        E       F      G
               +--------+--------+--------+--------+--------+-----+--------+
         Total |   2576 |   2469 |    107 |      0 |   2050 |   4 |  644.0 |
       Dungeon |   2576 |   2469 |    107 |      0 |   2050 |   4 |  644.0 |
               +--------+--------+--------+--------+--------+-----+--------+

Top non-repeatable levels by time:
     D:1: 1020 daAuts
     D:3: 945 daAuts
     D:2: 557 daAuts
     D:4: 53 daAuts
